 Dungeon Crawl Stone Soup version 0.29.1-2-gbd0b4ee654 (webtiles) character file.

Game seed: 3715823741649744941

13 Icepheonix32 the Insei (level 2, 0/27 HPs)
             Began as an Octopode Transmuter on Nov 20, 2022.
             Slain by a jackal (2 damage)
             ... on level 1 of the Dungeon.
             The game lasted 00:00:20 (276 turns).

Icepheonix32 the Insei (Octopode Transmuter)         Turns: 276, Time: 00:00:21

Health: 0/27       AC: 21    Str:  9    XL:     2   Next: 37%
Magic:  4/5        EV:  2    Int: 15    God:
Gold:   10         SH:  0    Dex: 12    Spells: 4/5 levels left

rFire   . . .      SeeInvis .     - Unarmed
rCold   . . .      Faith    .   (no shield)
rNeg    . . .      Spirit   .   (helmet currently unavailable)
rPois   +          Reflect  .   (no amulet)
rElec   .          Harm     .   (no ring)
rCorr   .          Rampage  .   (no ring)
Will    .....      NoTele   +   (no ring)
Stlth   +.........              (no ring)
HPRegen 0.09/turn               (no ring)
MPRegen 0.09/turn               (no ring)
                                (no ring)
                                (no ring)

@: tree-form
A: stationary, stasis, torment immunity, boosted hp, almost no armour,
(amphibious), 8 rings, (camouflage 1), (gelatinous body 1), (nimble swimmer 1),
(tentacles)
a: no special abilities


You were on level 1 of the Dungeon.
You were a tree.
You visited 1 branch of the dungeon, and saw 1 of its levels.

You collected 10 gold pieces.

Inventory:

Hand Weapons
 d - a +0 club
Scrolls
 b - a scroll of fear {unknown}
 c - a scroll of teleportation {unknown}


   Skills:
 - Level 1.0 Fighting
 + Level 2.1 Dodging
 + Level 3.5 Unarmed Combat
 - Level 2.0 Spellcasting
 + Level 2.1 Transmutations


You had 4 spell levels left.
You knew the following spells:

 Your Spells              Type           Power      Damage    Failure   Level
a - Beastly Appendage     Tmut           14%        N/A       10%         1

Your spell library contained the following spells:

 Spells                   Type           Power      Damage    Failure   Level
 Wereblood                Tmut           7%         N/A       14%         2
 Spider Form              Tmut/Pois      4%         N/A       41%         3
 Ice Form                 Ice/Tmut       4%         N/A       82%         4


Dungeon Overview and Level Annotations

Branches:
Dungeon (1/15)

Altars:


Innate Abilities, Weirdness & Mutations

You are a tree.
Your roots penetrate the ground, keeping you stationary.
You cannot be teleported.
You are immune to unholy pain and torment.
Your maximum health is greatly increased.
You cannot wear most types of armour.
((You are amphibious.))
You can wear up to eight rings at the same time.
((Your skin changes colour to match your surroundings (Stealth+).))
((Your rubbery body absorbs attacks. (AC +1, EV +1)))
((You are camouflaged when in or above water. (Stealth+)))
((You have tentacles for arms and can constrict up to eight enemies at once.))


Message History

You kill the endoplasm!
You have reached level 2!
You closely miss the jackal. You grab the jackal.
You pierce the jackal, but do no damage.
You constrict the jackal, but do no damage.
The jackal closely misses you. The kobold hits you with a +0 dagger.
* * * LOW HITPOINT WARNING * * *
The jackal misses you.
Unknown command.
You release your grip on the jackal.
The jackal completely misses you.
You tentacle-slap the kobold. You grab the kobold. You squeeze the kobold.
You kill the kobold!
The jackal bites you.
* * * LOW HITPOINT WARNING * * *
The jackal bites you.
* * * LOW HITPOINT WARNING * * *
The jackal misses you. The jackal attacks as you move away!
The jackal bites you.
* * * LOW HITPOINT WARNING * * *
Your tentacle spike disappears.
The jackal barely misses you.
Really quaff the potion of lignification?
You turn into a tree.
Your roots penetrate the ground.
The jackal bites you but does no damage.
A quokka comes into view.
The jackal bites you but does no damage. x2
You smack the jackal!
You kill the jackal!
The jackal bites you but does no damage. x2
You smack the jackal!
You kill the jackal!
The jackal bites you but does no damage.
You smack the goblin!
You kill the goblin!
The jackal bites you but does no damage. x3
You hit the jackal. You punch the jackal.
The jackal is almost dead.
The jackal bites you but does no damage. x2
The jackal bites you.
You die...

.... #...# .... #...### #.....
#.....# # #..... #...#.##..
...... #...#..... ## ......###
##........# ...
#..#...####.......... #....
#..###.♣)r.........#
#....#####..###.hh.#...#...##
#.....)...............## .....
#.......##....###.............
....##.†...####...##..... ...
#...............#.#.#.. ..
##....#.....####.....# # #
##...###..#### #...## #...##
#.###### ..#


You could see a quokka and 2 jackals.

Vanquished Creatures
  A ball python (D:1)
  2 endoplasms (D:1)
  2 goblins (D:1)
  A hobgoblin (D:1)
  2 jackals (D:1)
  A kobold (D:1)
  A rat (D:1)
10 creatures vanquished.

Notes
Turn   | Place    | Note
-------+----------+-------------------------------------------
     0 | D:1      | Icepheonix32 the Octopode Transmuter began the quest for
                  | the Orb.
     0 | D:1      | Reached XP level 1. HP: 13/13 MP: 3/3
   268 | D:1      | Reached XP level 2. HP: 9/18 MP: 3/5
   276 | D:1      | Slain by a jackal

Illustrated notes

Levels and vault maps discovered:
D:1:      saegor_arrival_simple_d, layout_rooms, serial_shops,
          nicolae_shop_waterfront, chequers_serial_rivers_micro_a

Action                   || total
-------------------------++-------
Melee: Unarmed           ||    21
       Kick              ||     7
       Tentacles         ||     5
       Constrict         ||     4
       Punch             ||     2
 Cast: Beastly Appendage ||     3
  Use: Potion            ||     1
Armor: Skin              ||    11
Dodge: Dodged            ||    19
